 Dungeon Crawl Stone Soup version 0.31.0-1-g2c135a0 (webtiles) character file.

Game seed: 5549335139232845899

3018 Estrea the Earth Mage (level 9, 0/45 HPs)
             Began as a Gargoyle Earth Elementalist on Apr 16, 2024.
             Was a Believer of Vehumet.
             Slain by a moth of wrath (17 damage)
             ... on level 7 of the Dungeon.
             The game lasted 00:11:54 (6157 turns).

Estrea the Earth Mage (Gargoyle Earth Elementalist) Turns: 6157, Time: 00:11:55

Health: 0/45       AC: 13    Str: 13    XL:     9   Next: 85%
Magic:  0/13       EV: 11    Int: 19    God:    Vehumet [**....]
Gold:   1096       SH:  0    Dex: 10    Spells: 6/14 levels left

rFire   + . .        c - +0 short sword (elec)
rCold   . . .        (no shield)
rNeg    + + .        a - +0 robe
rPois   ∞            g - +2 helmet {SInv}
rElec   +            u - +0 cloak
rCorr   .            f - +0 pair of gloves
SInv    +            (no boots)
Will    .....        d - amulet of guardian spirit
Stlth   ++           q - ring of protection from fire
HPRegen 0.27/turn    t - ring of positive energy
MPRegen 0.13/turn

%: guardian spirit
@: about to teleport
A: sickness immunity, AC +6, negative energy resistance 1, electricity
resistance, torment resistance 1, petrification resistance
a: Renounce Religion


You were on level 7 of the Dungeon.
You worshipped Vehumet.
Vehumet was pleased with you.
You visited 2 branches of the dungeon, and saw 8 of its levels.

You collected 1096 gold pieces.

Inventory:

Hand Weapons
 c - a +0 short sword of electrocution (weapon)
Missiles
 l - a throwing net
Armour
 a - a +0 robe (worn)
 f - a +0 pair of gloves (worn)
 g - a +2 helmet of see invisible (worn)
 u - a +0 cloak (worn)
Jewellery
 d - an amulet of guardian spirit (around neck)
 q - a ring of protection from fire (left hand)
 t - a ring of positive energy (right hand)
Wands
 p - a wand of acid (6)
Scrolls
 e - 2 scrolls of silence
 i - 3 scrolls of teleportation
 n - a scroll of butterflies
 r - a scroll of enchant armour
Potions
 b - 2 potions of magic
 h - 3 potions of mutation
 j - a potion of haste
 k - a potion of curing
 m - 6 potions of might
 s - a potion of lignification {unknown}


   Skills:
 - Level 1.5 Dodging
 - Level 2.1 Stealth
 - Level 3.0 Spellcasting
 - Level 1.1 Conjurations
 * Level 15.7 Earth Magic


You had 6 spell levels left.
You knew the following spells:

 Your Spells              Type           Power      Damage    Failure   Level
a - Sandblast             Erth           100%       2d20      1%          1
b - Stone Arrow           Conj/Erth      68%        3d11      1%          3
c - Brom's Barrelling Bo  Conj/Erth      34%        2d5       4%          4

Your spell library contained the following spells:

 Spells                   Type           Power      Damage    Failure   Level
 Static Discharge         Conj/Air       8%         3-4/arc   19%         2
 Passwall                 Erth           58%        N/A       1%          3
 Petrify                  Alch/Erth      32%        N/A       6%          4
 Apportation              Tloc           4%         N/A       16%         1
 Jinxbite                 Hex            4%         N/A       22%         2
 Lesser Beckoning         Tloc           4%         N/A       22%         2
 Fugue of the Fallen      Necr           2%         N/A       41%         3
 Gell's Gravitas          Tloc           2%         N/A       41%         3
 Ozocubu's Armour         Ice            2%         N/A       41%         3
 Teleport Other           Tloc           2%         N/A       41%         3
 Ignite Poison            Fire/Alch      2%         N/A       83%         4
 Manifold Assault         Tloc           2%         N/A       83%         4
 Freezing Cloud           Conj/Ice/Air   2%         6-21      98%         5
 Alistair's Intoxication  Alch           1%         N/A       99%         5
 Cigotuvi's Dreadful Rot  Necr/Alch/Air  Unusable   N/A       N/A         2

Dungeon Overview and Level Annotations

Branches:
Dungeon (7/15)             Temple (1/1) D:4

Altars:
Ashenzari
Cheibriados
Dithmenos
Elyvilon
Fedhas
Gozag
Hepliaklqana
Kikubaaqudgha
Makhleb
Nemelex Xobeh
Okawaru
Ru
Sif Muna
Trog
Uskayaw
Vehumet
Wu Jian
Xom
Yredelemnul
Zin
The Shining One

Annotations:
D:7 1 transporter, flinslave4's ghost, novice MiFi


Innate Abilities, Weirdness & Mutations

You are immune to sickness and miasma.
Your stone body is resilient. (AC +6)
You are immune to poison.
You resist negative energy. (rN+)
You are resistant to electric shocks. (rElec)
You are resistant to unholy torment.
You are immune to petrification.


Message History

Aim: an ice beast (severely wounded, berserk, 74% to hit)
The stone arrow hits the ice beast!!
You kill the ice beast!
Vehumet accepts your kill.
You feel your power returning. The yak gores you.
The yak attacks as it pursues you! The yak gores you!!
* * * LOW HITPOINT WARNING * * *
The yak closely misses you.
Unknown command.
You feel much better. The yak gores you!
* * * LOW HITPOINT WARNING * * *
The black bear bites you.
* * * LOW HITPOINT WARNING * * *
The black bear claws you but does no damage. x2
You feel much better. The yak barely misses you.
The yak gores you but does no damage.
Flinslave4's ghost crushes a nearby insect and laughs.
The black bear bites you but does no damage.
The black bear misses you.
The black bear claws you but does no damage.
You hit the yak but do no damage. The yak gores you!
* * * LOW HITPOINT WARNING * * *
The black bear closely misses you.
The black bear claws you but does no damage. x2
As you read the scroll of teleportation, it crumbles to dust.
You feel strangely unstable. The yak gores you.
* * * LOW HITPOINT WARNING * * *
The black bear bites you.
* * * LOW HITPOINT WARNING * * *
The black bear closely misses you.
The black bear claws you but does no damage.
You feel better.
Flinslave4's ghost shrieks, "You must not succeed where I failed!"
The black bear bites you but does no damage.
The black bear claws you but does no damage.
The black bear barely misses you.
You hit the moth of wrath.
The moth of wrath is lightly wounded.
The moth of wrath bites you!
You die...

#................
#................
#......).........
#................
#####..#####.####..
#####..........#.####.÷
#.....####©###...##...)
##.#####y.###.##..##....
#..#...@#......##.##....
#.##...#h..#....#.##....
#.#.../.Y#..##..#.......
#.#..##..©..#y.©#.......
#.#.....#.....#.##......
#.##.##..[###...Y#..####
#..#....$$!..#..##..####
##.##..##### .###...'...
#..####.§.####.....####


You could see a moth of wrath, a yak (berserk) and a black bear.

Vanquished Creatures
  2 hornets
  2 water moccasins
  4 ice beasts
  3 black bears
  A sky beast (D:7)
  An orc warrior (D:7)
  A phantom (D:5)
  2 centaurs (D:7)
  3 bullfrogs
  2 scorpions (D:6)
  5 wights (D:6)
  An electric eel (D:6)
  A bombardier beetle (D:5)
  3 orc priests
  A gnoll bouda (D:6)
  3 hounds
  A sleepcap (D:6)
  4 orc wizards
  2 iguanas
  A hound zombie (D:3)
  7 gnolls
  9 adders
  2 shadow imps
  2 white imps
  An adder zombie (D:3)
  3 dart slugs
  27 orcs
  2 endoplasms
  2 giant cockroaches (D:2)
  8 goblins
  3 hobgoblins
  2 jackals (D:3)
  3 quokkas (D:1)
  2 training dummies (D:6)
  5 ball pythons
  8 bats
  3 frilled lizards
  8 kobolds
  10 rats
150 creatures vanquished.

Notes
Turn   | Place    | Note
-------+----------+-------------------------------------------
     0 | D:1      | Estrea the Gargoyle Earth Elementalist began the quest for
                  | the Orb.
     0 | D:1      | Reached XP level 1. HP: 10/10 MP: 3/3
   122 | D:1      | Reached skill level 4 in Earth Magic
   231 | D:1      | Reached XP level 2. HP: 15/15 MP: 3/5
   329 | D:1      | Found a faded altar of an unknown god.
   679 | D:1      | Reached XP level 3. HP: 19/19 MP: 4/6
  1012 | D:1      | Learned a level 3 spell: Stone Arrow
  1160 | D:2      | Reached skill level 5 in Earth Magic
  1223 | D:2      | Identified a scroll of acquirement
  1223 | D:2      | Acquired 755 gold pieces
  1641 | D:2      | Reached XP level 4. HP: 24/24 MP: 4/7
  2236 | D:3      | Found a basalt altar of Yredelemnul.
  2430 | D:3      | Learned a level 4 spell: Brom's Barrelling Boulder
  2524 | D:3      | Reached XP level 5. HP: 28/28 MP: 4/9
  2529 | D:3      | Reached skill level 6 in Earth Magic
  3002 | D:4      | Found a staircase to the Ecumenical Temple.
  3011 | Temple   | Entered the Ecumenical Temple
  3020 | Temple   | Became a worshipper of Vehumet
  3126 | D:4      | Found a white marble altar of Elyvilon.
  3389 | D:4      | Reached skill level 7 in Earth Magic
  3707 | D:5      | Entered Level 5 of the Dungeon
  3712 | D:5      | Reached XP level 6. HP: 32/32 MP: 5/10
  3839 | D:5      | Noticed a water moccasin
  3844 | D:5      | Killed a water moccasin
  3845 | D:5      | Reached skill level 8 in Earth Magic
  4014 | D:5      | Noticed an ice beast
  4018 | D:5      | Killed an ice beast
  4019 | D:5      | Reached skill level 9 in Earth Magic
  4019 | D:5      | Reached XP level 7. HP: 36/36 MP: 7/11
  4217 | D:5      | Reached skill level 10 in Earth Magic
  4622 | D:6      | Reached XP level 8. HP: 41/41 MP: 8/12
  4656 | D:6      | Reached skill level 11 in Earth Magic
  4681 | D:6      | Reached * piety under Vehumet
  4681 | D:6      | Offered knowledge of Kiss of Death by Vehumet.
  4753 | D:6      | Reached skill level 12 in Earth Magic
  5208 | D:6      | Noticed a hornet
  5214 | D:6      | Killed a hornet
  5215 | D:6      | Reached skill level 13 in Earth Magic
  5215 | D:6      | Reached XP level 9. HP: 38/45 MP: 6/13
  5271 | D:6      | Found a hazy altar of Hepliaklqana.
  5350 | D:6      | Found an ancient bone altar of Kikubaaqudgha.
  5558 | D:7      | Reached skill level 14 in Earth Magic
  5637 | D:7      | Reached ** piety under Vehumet
  5725 | D:7      | Noticed a hornet
  5728 | D:7      | Killed a hornet
  5729 | D:7      | Reached skill level 15 in Earth Magic
  5749 | D:7      | Offered knowledge of Static Discharge by Vehumet.
  5979 | D:7      | Found a transporter.
  5987 | D:7      | Noticed a moth of wrath
  5987 | D:7      | Found the -2 hat of the Alchemist {rElec rPois rF+ rC+ rN+
                  | Will+ rMut rCorr}
  6001 | D:7      | Found a transporter.
  6005 | D:7      | Noticed flinslave4's ghost (novice MiFi)
  6157 | D:7      | Slain by a moth of wrath

Illustrated notes

Levels and vault maps discovered:
D:1:      mrwooster_arrival_statue_2, layout_basic,
          dreamdust_ecumenical_altar_grove
D:2:      layout_basic
D:3:      layout_basic, lemuel_zombie_altar_yredelemnul
D:4:      layout_gridville, elyvilon_altar_1, minmay_temple_entry_water_ring
D:5:      layout_basic, kennysheep_generic_room_11
D:6:      dreamdust_elfheim, layout_basic, kiku_gazebo_garden_becter,
          nzn_hepliaklqana_mist_gate, amcnicky_mini_pool_medium
D:7:      layout_basic, gammafunk_ghost_berserking_beasts
Temple:   sentei_temple_godly_chess

Skill      XL: |  1  2  3  4  5  6  7  8  9 |
---------------+----------------------------+-----
Earth Magic    | 4 5 7 9 10 13 15 | 15.7
Spellcasting   | 3 |  3.0
Dodging        | |  1.5
Stealth        | |  2.1
Conjurations   | |  1.1

Action                     |  1- 3 |  4- 6 |  7- 9 || total
---------------------------+-------+-------+-------++-------
  Melee: Mace              |    10 |       |       ||    10
         Dagger            |       |     2 |       ||     2
         Short sword       |       |       |    20 ||    20
   Cast: Sandblast         |    38 |    77 |   120 ||   235
         Stone Arrow       |       |       |     3 ||     3
    Use: Scroll            |     4 |     9 |     4 ||    17
         Potion            |       |       |     3 ||     3
 Armour: Robe              |     7 |    19 |    72 ||    98
  Dodge: Dodged            |     9 |    21 |    50 ||    80
